 Dungeon Crawl Stone Soup version 0.27-a0-380-g150de4c316 (webtiles) character file.

Game seed: 12275587738961397310

4116 wampuh the Reanimator (level 10, -3/59 HPs)
             Began as a Vampire Necromancer on Feb 17, 2021.
             Was a Believer of Ru.
             Slain by a hellwing (14 damage)
             ... on level 10 of the Dungeon.
             The game lasted 00:16:06 (9206 turns).

wampuh the Reanimator (Vampire Necromancer)         Turns: 9206, Time: 00:16:06

Health: -3/59      AC:  0    Str:  5 (7)  XL:     10   Next: 6%
Magic:  14/16      EV: 24    Int: 19 (21) God:    Ru [**....]
Gold:   549        SH:  0    Dex: 18 (20) Spells: 13/17 levels left

rFire    . . .     SeeInvis +   (weapon currently unavailable)
rCold    + + .     Faith    .   (shield currently unavailable)
rNeg     + + +     Spirit   .   (armour currently unavailable)
rPois    ∞         Reflect  .   (helmet currently unavailable)
rElec    .         Harm     .   (cloak currently unavailable)
rCorr    .         Rampage  .   (gloves currently unavailable)
Will     +....                  (boots currently unavailable)
Stlth    +++++.....             u - amulet of regeneration
HPRegen  0.00/turn              (ring currently unavailable)
MPRegen  0.15/turn              (ring currently unavailable)

@: bat-form, horrified, flying, bloodless, very quick
A: tiny, fangs 3, see invisible, cowardly, unskilled 1
a: Revivify, Stop Flying, End Transformation, Renounce Religion


You were on level 10 of the Dungeon.
You worshipped Ru.
Ru was pleased with you.
You were in vampire-bat-form.
You visited 2 branches of the dungeon, and saw 11 of its levels.

You collected 549 gold pieces.

Inventory:

Hand Weapons
 B - a +0 quarterstaff of pain (melded)
Missiles
 e - 295 arrows
 l - 86 bolts
Armour
 a - a +0 robe (melded)
 c - a +0 pair of boots (melded)
 o - a +2 pair of gloves (melded)
 p - a +0 helmet (melded)
 K - a +1 cloak of poison resistance (melded)
Jewellery
 k - a +6 ring of dexterity
 q - a ring of magical power (melded)
 u - an amulet of regeneration (around neck)
 A - a ring of wizardry
 F - a +4 ring of evasion
 I - a +6 ring of strength (melded)
Wands
 m - a wand of iceblast (5)
 w - a wand of charming (11)
 x - a wand of flame (19)
Scrolls
 b - 8 scrolls of identify {unknown}
 i - a scroll of fog {unknown}
 s - 2 scrolls of teleportation {unknown}
 t - 3 scrolls of enchant weapon {unknown}
 y - 2 scrolls of blinking {unknown}
 z - 7 scrolls of enchant armour {unknown}
 D - a scroll of holy word {unknown}
 E - a scroll of amnesia {unknown}
 G - a scroll of noise {unknown}
Potions
 d - 5 potions of curing {unknown}
 f - a potion of berserk rage {unknown}
 g - 3 potions of heal wounds {unknown}
 h - a potion of might {unknown}
 j - a potion of brilliance {unknown}
 n - 3 potions of lignification {unknown}
 r - 3 potions of magic {unknown}
 v - a potion of ambrosia {unknown}
 C - 2 potions of cancellation {unknown}
 H - a potion of degeneration {unknown}
 J - a potion of mutation {unknown}


   Skills:
 + Level 5.1 Fighting
 + Level 4.1 Staves
 + Level 5.3 Dodging
 + Level 6.0 Stealth
 + Level 4.3 Spellcasting
 + Level 8.6 Necromancy
 - Level 3.6 Evocations


You had 13 spell levels left.
You knew the following spells:

 Your Spells              Type           Power        Failure   Level
a - Pain                  Necr           100%         1%          1
b - Vampiric Draining     Necr           16%          1%          3

Your spell library contained the following spells:

 Spells                   Type           Power        Failure   Level
 Animate Skeleton         Necr           66%          1%          1
 Animate Dead             Necr           16%          3%          4
 Agony                    Necr           33%          11%         5


Dungeon Overview and Level Annotations

Branches:
Dungeon (10/15)            Temple (1/1) D:4            Lair (0/6) D:8
    Orc (0/2) D:9

Altars:
Ashenzari
Cheibriados
Dithmenos
Elyvilon
Fedhas
Gozag
Hepliaklqana
Kikubaaqudgha
Makhleb
Nemelex Xobeh
Okawaru
Qazlal
Ru
Sif Muna
Trog
Uskayaw
Vehumet
Wu Jian
Xom
Yredelemnul
Zin
The Shining One

Annotations:
D:5 1 transporter


Innate Abilities, Weirdness & Mutations

You do not regenerate when monsters are visible.
You are frail without blood (-20% HP).
You can heal yourself when you bite living creatures.
You are immune to poison.
You have razor-sharp teeth.
You have supernaturally acute eyesight. (SInv)
((You can survive without breathing.))
Your cowardice makes you less effective in combat with threatening monsters.
You are somewhat unskilled. (-1 Apt)


Message History

You bite the hellwing, but do no damage.
The hellwing hits you! The hellwing hits you.
* * * LOW HITPOINT WARNING * * *
The hellwing stops glowing.
The hellwing hits you!
Keep bloodletting?
* * * LOW HITPOINT WARNING * * *
The hellwing hits you but does no damage.
You begin bloodletting.
You continue bloodletting.
The hellwing is stunned by your conviction and fails to attack.
You continue bloodletting.
The hellwing misses you. The hellwing completely misses you.
You continue bloodletting.
The hellwing barely misses you. The hellwing hits you.
* * * LOW HITPOINT WARNING * * *
You continue bloodletting.
The hellwing hits you but does no damage. x2
The shadow imp picks up a beetle and eats it.
The shadow imp begins to attack, but is stunned by your conviction!
You continue bloodletting.
The hellwing completely misses you.
The hellwing hits you but does no damage.
Now bloodless.
You turn into a vampire bat.
Your +0 quarterstaff of pain melds into your body.
Your +1 cloak of poison resistance melds into your body.
Your +0 helmet melds into your body.
Your +2 pair of gloves melds into your body.
Your +0 pair of boots melds into your body.
Your +0 robe melds into your body.
Your ring of magical power melds into your body.
Your +6 ring of strength melds into your body.
You feel your magic capacity decrease.
You feel weaker.
You feel weakened.
You feel dopey.
You feel clumsy. The hellwing closely misses you. x2
The hellwing swoops through the air toward you!
The hellwing misses you. x2
You completely miss the hellwing.
You bite the hellwing, but do no damage.
The hellwing hits you!
You die...

.######.#.#
........#.#
#...<...#.#
#.......#.#######.
.........>........
#......#.........
##+###.#.....###
#4#.###.# #b#.# #
#$#.# #5#.#
...P..Z5#.#
...8...5#.#
...P....#.#
........#.#
........#.#
$..P....#.########


You could see a hellwing, 3 shadow imps and a meliai zombie.

Vanquished Creatures
  A death yak (D:8)
  Maurice (D:8)
  A water moccasin (D:7)
  3 sky beasts
  2 ice beasts
  2 orc warriors
  A black bear (D:8)
  3 ogres
  6 centaurs
  3 phantoms (D:8)
  A bullfrog (D:8)
  A gnoll sergeant (D:8)
  4 scorpions
  8 killer bees
  A howler monkey (D:4)
  A jelly (D:7)
  A hound (D:8)
  4 orc priests
  A bullfrog skeleton (D:5)
  2 iguanas
  5 orc wizards
  2 worker ants
  2 hound zombies
  A hound skeleton (D:7)
  2 worker ant zombies
  Robin (D:3)
  6 adders
  7 gnolls
  A howler monkey skeleton (D:4)
  4 white imps
  3 ufetubi
  2 adder skeletons
  A dart slug (D:2)
  A worm (D:3)
  3 leopard geckos
  19 orcs
  4 bats
  8 giant cockroaches
  7 hobgoblins
  6 jackals
  4 kobolds
  A quokka (D:8)
  4 frilled lizards
  9 goblins
  A leopard gecko zombie (D:5)
  11 rats
162 creatures vanquished.

Vanquished Creatures (others)
  A withered plant (D:10)
1 creature vanquished.

Grand Total: 163 creatures vanquished

Notes
Turn   | Place    | Note
-------+----------+-------------------------------------------
     0 | D:1      | wampuh the Vampire Necromancer began the quest for the Orb.
     0 | D:1      | Reached XP level 1. HP: 13/13 MP: 3/3
   962 | D:2      | Reached XP level 2. HP: 13/19 MP: 5/5
  1512 | D:2      | Found a bloodstained altar of Trog.
  1692 | D:2      | Reached XP level 3. HP: 17/24 MP: 1/6
  2346 | D:3      | Noticed Robin
  2369 | D:3      | Killed Robin
  2370 | D:3      | Reached skill level 5 in Necromancy
  2463 | D:3      | Learned a level 3 spell: Vampiric Draining
  2692 | D:3      | Reached XP level 4. HP: 30/30 MP: 8/8
  3036 | D:3      | Reached skill level 5 in Stealth
  3455 | D:4      | Reached XP level 5. HP: 31/35 MP: 9/9
  3493 | D:4      | Found a staircase to the Ecumenical Temple.
  3499 | Temple   | Entered the Ecumenical Temple
  3699 | Temple   | Became a worshipper of Ru the Awakened
  3781 | D:4      | Found a blossoming altar of Fedhas.
  3784 | D:4      | Noticed a centaur
  3805 | D:4      | Found a glowing silver altar of Zin.
  3827 | D:4      | Reached skill level 1 in Fighting
  3906 | D:4      | Killed a centaur
  3907 | D:4      | Reached XP level 6. HP: 37/43 MP: 11/11
  4585 | D:5      | Entered Level 5 of the Dungeon
  4606 | D:5      | Reached skill level 6 in Necromancy
  4784 | D:5      | Found a transporter.
  4814 | D:5      | Noticed an ice beast
  4817 | D:5      | Found an ancient bone altar of Kikubaaqudgha.
  4826 | D:5      | Killed an ice beast
  4827 | D:5      | Reached XP level 7. HP: 41/51 MP: 13/13
  5015 | D:5      | Found an opulent altar of Gozag.
  5275 | D:5      | Reached skill level 5 in Dodging
  5391 | D:5      | Found a blossoming altar of Fedhas.
  5395 | D:5      | Gained mutation: Your cowardice makes you less effective in
                  | combat with threatening monsters. [Ru sacrifice]
  5395 | D:5      | Reached * piety under Ru
  5413 | D:5      | Found a transporter.
  5413 | D:5      | You fall into a shaft and drop 3 floors!
  5445 | D:8      | Reached skill level 1 in Staves
  5445 | D:8      | Reached skill level 1 in Evocations
  5495 | D:8      | Noticed a death yak
  5518 | D:8      | Reached XP level 8. HP: 52/60 MP: 14/14
  6223 | D:6      | Reached skill level 7 in Necromancy
  6546 | D:5      | Found a burning altar of Makhleb.
  7014 | D:7      | Reached skill level 5 in Fighting
  7425 | D:7      | Found a shimmering blue altar of Sif Muna.
  7618 | D:8      | Reached XP level 9. HP: 68/68 MP: 15/15
  7677 | D:8      | Noticed a death yak
  7678 | D:8      | Noticed a death yak
  7701 | D:8      | Killed a death yak
  7702 | D:8      | Reached skill level 8 in Necromancy
  7922 | D:8      | Gained mutation: You are somewhat unskilled. (-1 Apt) [Ru
                  | sacrifice]
  7922 | D:8      | Reached ** piety under Ru
  8015 | D:8      | Found a staircase to the Lair.
  8033 | D:8      | Reached skill level 5 in Stealth
  8192 | D:8      | Noticed Maurice
  8207 | D:8      | Killed Maurice
  8208 | D:8      | Reached skill level 5 in Dodging
  8447 | D:9      | Reached skill level 5 in Fighting
  8857 | D:9      | Reached XP level 10. HP: 74/74 MP: 16/16
  8876 | D:9      | Found a staircase to the Orcish Mines.
  9144 | D:10     | Entered Level 10 of the Dungeon
  9206 | D:10     | Slain by a hellwing

Illustrated notes

Levels and vault maps discovered:
D:1:      minmay_arrival_checkered_box, layout_basic
D:2:      layout_basic, lemuel_doored_altar, minmay_quantized
D:3:      layout_basic, serial_corexii_hall, corexii_hall_statues_s,
          corexii_hall_statues_u, uniq_robin
D:4:      layout_basic, zin_statuary, minmay_temple_entry_gardened_gates,
          fedhas_bush_and_centaur_altar
D:5:      gammafunk_cloud_chamber, layout_basic, kiku_gazebo_garden_becter,
          overflow_temple_1_default, lemuel_coloured_pillars_altar,
          grunt_gozag_breadcrumbs
D:6:      layout_basic
D:7:      layout_loops_ring, kennysheep_little_box, minmay_misc_feat_tiny,
          serial_bayou_pond_e, hangedman_decor_clover_reticule
D:8:      layout_basic, dpeg_lair_monsters, minivault_1, uniq_maurice
D:9:      layout_basic, orc_0_dummy
D:10:     cheibrodos_grave_circle, layout_basic, serial_shops,
          nicolae_shop_behind_doors, chequers_serial_rivers_room_b
Temple:   eino_temple_scatter_basement

Skill      XL: |  1  2  3  4  5  6  7  8  9 10 |
---------------+-------------------------------+-----
Stealth        | 4 5 5 6 |  6.0
Necromancy     | 5 6 7 8 |  8.6
Spellcasting   | 3 4 4 |  4.3
Fighting       | 1 2 4 5 5 |  5.1
Dodging        | 3 4 5 5 |  5.3
Staves         | 1 3 4 |  4.1
Evocations     | 1 3 3 |  3.6

Action                   |  1- 3 |  4- 6 |  7- 9 | 10-12 || total
-------------------------+-------+-------+-------+-------++-------
Melee: Unarmed           |    24 |       |       |     1 ||    25
       Club              |   104 |    19 |       |       ||   123
       Bite              |     8 |    12 |    50 |     4 ||    74
       Mace              |       |    69 |    38 |       ||   107
       Quarterstaff      |       |       |   291 |    44 ||   335
 Cast: Pain              |    52 |    37 |    42 |       ||   131
       Vampiric Draining |       |     8 |    37 |       ||    45
Invok: Sacrifice Courage |       |       |     1 |       ||     1
       Sacrifice Skill   |       |       |     1 |       ||     1
 Abil: Bat Form          |       |       |       |     1 ||     1
       Exsanguinate      |       |       |       |     1 ||     1
Evoke: Wand              |       |       |     3 |       ||     3
 Stab: Sleeping          |     1 |     8 |    11 |       ||    20
       Invisible         |       |       |     2 |       ||     2
Armor: Robe              |    54 |    47 |   106 |    26 ||   233
Dodge: Dodged            |   109 |   101 |   305 |    92 ||   607

Table legend: (Time is in decaauts)
 A = Elapsed time spent in this place.
 B = Non-inter-level travel time spent in this place.
 C = Inter-level travel time spent in this place.
 D = Time resting spent in this place.
 E = Time spent auto-exploring this place.
 F = Levels seen in this place.
 G = Mean time per level.
                   A        B        C        D        E       F      G
               +--------+--------+--------+--------+--------+-----+--------+
         Total |   9333 |   8981 |    352 |   1208 |   6011 |  11 |  848.5 |
       Dungeon |   9117 |   8781 |    336 |   1208 |   5858 |  10 |  911.7 |
        Temple |    215 |    200 |     15 |      0 |    153 |   1 |  215.0 |
               +--------+--------+--------+--------+--------+-----+--------+

Top non-repeatable levels by time:
     D:2: 1351 daAuts
     D:3: 1148 daAuts
     D:5: 1059 daAuts
     D:7: 1011 daAuts
     D:6: 992 daAuts
     D:4: 978 daAuts
     D:1: 942 daAuts
     D:8: 827 daAuts
     D:9: 742 daAuts
  Temple: 215 daAuts
    D:10: 63 daAuts
